 Dungeon Crawl Stone Soup version 0.30-a0-165-g1891117ce2 (webtiles) character file.

Game seed: 4684599697122052835

16817 LnG the Covert (level 12, -23/69 HPs)
             Began as a Kobold Summoner on Sept 28, 2022.
             Was an Initiate of Yredelemnul.
             Killed from afar by Azrael (28 damage)
             ... with a fireball
             ... on level 12 of the Dungeon.
             The game lasted 00:52:43 (15480 turns).

LnG the Covert (Kobold Summoner)                   Turns: 15480, Time: 00:52:47

Health: -23/69     AC:  7    Str:  5    XL:     12   Next: 74%
Magic:  18/25      EV: 19    Int: 21    God:    Yredelemnul [......]
Gold:   847        SH:  0    Dex: 16    Spells: 17/30 levels left

rFire   . . .      SeeInvis .    g - +2 short sword (spect)
rCold   + . .      Faith    .    (no shield)
rNeg    . . .      Spirit   .    r - +2 robe {Will+}
rPois   .          Reflect  .    J - +1 hat
rElec   .          Harm     .    d - +0 cloak
rCorr   .          Rampage  .    (no gloves)
Will    +....                    c - +0 pair of boots
Stlth   +++++++...               m - amulet of the acrobat
HPRegen 0.21/turn                u - ring of flight
MPRegen 0.19/turn                z - ring of protection from cold

@: flying
A: small, no large weapons, nightstalker 3
a: Renounce Religion, Recall Undead Harvest


You were on level 12 of the Dungeon.
You worshipped Yredelemnul.
Yredelemnul was noncommittal.
You visited 2 branches of the dungeon, and saw 13 of its levels.
You also visited: Bailey.

You collected 908 gold pieces.
You spent 61 gold pieces at shops.

Inventory:

Hand Weapons
 g - a +2 spectral short sword (weapon)
 i - a +2 dagger of freezing
Armour
 a - a +0 robe
 c - a +0 pair of boots (worn)
 d - a +0 cloak (worn)
 r - a +2 robe of willpower (worn)
 J - a +1 hat (worn)
 K - the +2 robe "Fahask" {Will+ Regen+ Str-5}
   (You found it on level 12 of the Dungeon)

   Str:       It affects your strength (-5).
   Regen:     It increases your rate of health regeneration.
   Will:      It increases your willpower.
Jewellery
 m - an amulet of the acrobat (around neck)
 u - a ring of flight (left hand)
 z - a ring of protection from cold (right hand)
Wands
 D - a wand of polymorph (12)
 E - a wand of flame (14)
 F - a wand of mindburst (6)
 H - a wand of roots (5)
Scrolls
 e - 3 scrolls of immolation
 l - a scroll of amnesia
 t - 5 scrolls of teleportation
 w - 7 scrolls of summoning
 y - a scroll of enchant armour
 B - 2 scrolls of torment
 C - a scroll of blinking
 I - a scroll of fear
Potions
 b - a potion of magic
 f - 2 potions of flight
 h - 3 potions of brilliance
 j - 2 potions of might
 k - 3 potions of curing
 n - 3 potions of invisibility
 o - 2 potions of heal wounds
 p - 2 potions of ambrosia {unknown}
 q - a potion of haste {unknown}
 s - 4 potions of lignification {unknown}
 v - 5 potions of mutation {unknown}
 x - 3 potions of cancellation {unknown}
 A - a potion of attraction {unknown}
 G - a potion of berserk rage {unknown}


   Skills:
 + Level 5.8 Fighting
 + Level 9.3 Short Blades
 + Level 8.1 Dodging
 + Level 13.9 Stealth
 + Level 9.7 Spellcasting
 + Level 3.8 Hexes
 + Level 9.6 Summonings
 + Level 2.1 Air Magic
 + Level 1.0 Invocations


You had 17 spell levels left.
You knew the following spells:

 Your Spells              Type           Power      Damage    Failure   Level
a - Summon Small Mammal   Summ           100%       N/A       1%          1
b - Call Imp              Summ           50%        N/A       1%          2
c - Call Canine Familiar  Summ           50%        N/A       1%          3
d - Summon Guardian Gole  Hex/Summ       38%        N/A       1%          3
e - Summon Lightning Spi  Summ/Air       34%        N/A       6%          4

Your spell library contained the following spells:

 Spells                   Type           Power      Damage    Failure   Level
 Poisonous Vapours        Pois/Air       28%        N/A       7%          2
 Cigotuvi's Dreadful Rot  Necr/Pois/Air  26%        N/A       8%          2
 Dazzling Flash           Conj/Hex       36%        N/A       9%          3
 Stone Arrow              Conj/Erth      20%        3d8       21%         3
 Freezing Cloud           Conj/Ice/Air   6%         6-21      80%         5
 Fireball                 Conj/Fire      5%         3d5       88%         5
 Iskenderun's Battlesphe  Conj           10%        2d6       88%         5
 Malign Gateway           Summ/Tloc      15%        N/A       100%        7


Dungeon Overview and Level Annotations

Branches:
Dungeon (12/15)            Temple (1/1) D:7            Lair (0/5) D:10
    Orc (0/2) D:10         Bailey (visited)

Altars:
Ashenzari
Cheibriados
Dithmenos
Elyvilon
Fedhas
Gozag
Hepliaklqana
Kikubaaqudgha
Makhleb
Nemelex Xobeh
Okawaru
Qazlal
Ru
Sif Muna
Trog
Uskayaw
Vehumet
Wu Jian
Xom
Yredelemnul
Zin
The Shining One

Shops:
D:6 *   D:8 *

Annotations:
D:4 2 transporters, Dowan, Duvessa
D:12 3 runed translucent doors, Azrael


Innate Abilities, Weirdness & Mutations

You are small and have problems with some larger weapons.
You are completely attuned to the shadows.


Message History

You feel much better.
Your wolf bites the fire elemental!
Azrael completely misses your wolf. The fire elemental hits you.
The fire elemental burns you!
Your wolf bites the fire elemental.
The fire elemental closely misses you. Magic courses through your body.
Your wolf closely misses the fire elemental.
The fire elemental closely misses you.
Azrael hits your wolf with a +3 scimitar of flaming!!
Azrael burns your wolf.
Your wolf dies!
Your wolf's corpse disappears in a puff of smoke!
The fire elemental misses you.
Your crimson imp hits Azrael but does no damage.
Casting: Call Imp (safe; 1% risk of failure)
Confirm with . or Enter, or press ? or * to list all spells.
The fire elemental barely misses you. The fire elemental hits you.
The fire elemental burns you!
Azrael hits your crimson imp with a +3 scimitar of flaming!
Your crimson imp dies!
Your crimson imp disappears in a puff of smoke!
Casting: Call Canine Familiar (safe; 1% risk of failure)
Confirm with . or Enter, or press ? or * to list all spells.
An electric hum fills the air.
The fire elemental hits you. The fire elemental burns you!
* * * LOW HITPOINT WARNING * * *
The fire elemental hits you.
* * * LOW HITPOINT WARNING * * *
The fire elemental burns you!
* * * LOW HITPOINT WARNING * * *
Azrael gestures at you.
The fireball explodes!
The fireball engulfs the fire elemental.
The fire elemental completely resists.
The fireball engulfs the fire elemental.
The fire elemental completely resists.
The fireball engulfs your wolf!!
Your wolf dies!
Your wolf's corpse disappears in a puff of smoke!
The fireball engulfs you!!
You die...
Your body rises from the dead as a mindless zombie.

### ##......##
#.####......##
##.....ZZ.Z.#
##....Z.ZZ.#
########..##
#...# # #...# #
#...# #
##@..###### #
#EE§.##...# #
#.°.8.....#
##..R......# #
#..........#
..###..........#
°.°○.○.........#
#°......§....Z.#
###............##


You could see Azrael (ally target), 2 fire elementals and a friendly lightning
spire (summoned).

Vanquished Creatures
  A boulder beetle (D:12)
  3 deep elf pyromancers (D:12)
  2 cyclopes
  A gargoyle (D:12)
  A komodo dragon (D:12)
  An unseen horror (D:10)
  3 trolls
  2 shadows (D:11)
  2 yaks
  A vampire (D:11)
  2 fire elementals (D:12)
  A basilisk (D:11)
  A vampire mosquito (D:12)
  A hell hound (D:12)
  An acid dragon (D:11)
  2 water moccasins
  5 orc warriors
  4 sky beasts
  3 black bears
  An ice beast (D:7)
  A centaur (D:8)
  A phantom (D:7)
  3 kobold brigands
  3 bullfrogs
  Blork the orc (D:4)
  2 gnoll sergeants
  A necrophage (D:5)
  A scorpion (D:4)
  3 wights
  2 killer bees (D:9)
  2 howler monkeys
  A jelly (D:8)
  7 hounds
  3 orc priests (D:10)
  Jessica (D:3)
  2 iguanas
  Natasha (D:4)
  5 orc wizards
  8 gnolls
  4 adders
  3 white imps (D:6)
  2 ufetubi
  A worm (D:3)
  A dart slug (D:2)
  27 orcs
  2 bat zombies (D:6)
  4 endoplasms
  6 giant cockroaches
  A goblin (D:2)
  7 hobgoblins
  A quokka (D:5)
  2 ball pythons
  A bat (D:1)
  4 frilled lizards (D:1)
  20 kobolds
  5 rats
  2 rat zombies (D:6)
179 creatures vanquished.

Vanquished Creatures (collateral kills)
  A two-headed ogre (D:11)
  Lodul (D:12)
  An orc knight (Bailey)
  A komodo dragon (D:10)
  A troll (D:10)
  A shadow (D:12)
  9 yaks
  2 fire elementals (D:12)
  4 vampire mosquitoes
  2 wargs (D:10)
  2 acid dragons
  3 orc warriors
  2 ice beasts
  A centaur (D:6)
  6 ogres (D:12)
  A bullfrog (D:8)
  5 wights
  2 killer bees (D:9)
  A howler monkey (D:8)
  4 orc priests
  A gnoll bouda (D:5)
  5 orc wizards
  7 gnolls
  31 orcs
  2 endoplasms (D:1)
  4 goblins
  A hobgoblin (D:2)
  A quokka (D:1)
  2 ball pythons (D:1)
  A bat (D:1)
  3 kobolds
  2 rats (D:1)
110 creatures vanquished.

Vanquished Creatures (others)
  An orc knight (Bailey)
  2 yaks (D:6)
  A hell hound (D:12)
  3 orc warriors (Bailey)
  2 elf zombies (D:12)
  4 vampire mosquito zombies
  A hell hound zombie (D:12)
  A komodo dragon zombie (D:12)
  3 wights (D:6)
  A troll zombie (D:12)
  3 yak zombies (D:6)
  A hound (D:5)
  A black bear zombie (D:6)
  A jelly (D:6)
  2 killer bee zombies (D:9)
  3 ogre zombies (D:12)
  2 sky beast zombies
  An acid dragon zombie (D:12)
  A hound zombie (D:6)
  A gnoll (D:5)
  A jelly zombie (D:6)
  2 spectral white imps (D:6)
  2 orcs (Bailey)
  3 kobold zombies (D:9)
  15 orc zombies
  5 plants
63 creatures vanquished.

Grand Total: 352 creatures vanquished

Notes
Turn   | Place    | Note
-------+----------+-------------------------------------------
     0 | D:1      | LnG the Kobold Summoner began the quest for the Orb.
     0 | D:1      | Reached XP level 1. HP: 10/10 MP: 3/3
   197 | D:1      | Reached XP level 2. HP: 13/15 MP: 0/5
   264 | D:1      | Learned a level 2 spell: Call Imp
   322 | D:1      | Reached skill level 3 in Stealth
   540 | D:1      | Reached XP level 3. HP: 19/19 MP: 6/6
   544 | D:1      | Learned a level 3 spell: Call Canine Familiar
  1178 | D:2      | Found a bloodstained altar of Trog.
  1344 | D:2      | Reached XP level 4. HP: 24/24 MP: 7/7
  1392 | D:2      | Found a faded altar of an unknown god.
  2065 | D:3      | Noticed Jessica
  2067 | D:3      | Killed Jessica
  2068 | D:3      | Reached skill level 1 in Fighting
  2068 | D:3      | Reached skill level 1 in Short Blades
  2117 | D:3      | Noticed an ice beast
  2139 | D:3      | Killed an ice beast
  2140 | D:3      | Reached skill level 4 in Stealth
  2140 | D:3      | Reached XP level 5. HP: 13/29 MP: 2/9
  2560 | D:3      | Reached XP level 6. HP: 34/34 MP: 10/10
  2564 | D:3      | Learned a level 3 spell: Summon Guardian Golem
  2760 | D:4      | Noticed Blork the orc
  2764 | D:4      | Killed Blork the orc
  2765 | D:4      | Reached skill level 5 in Stealth
  2823 | D:4      | Noticed Duvessa
  2823 | D:4      | Noticed Dowan
  3035 | D:4      | Found a transporter.
  3037 | D:4      | Noticed a small abomination
  3141 | D:4      | Reached skill level 5 in Summonings
  3163 | D:4      | Noticed a black bear
  3165 | D:4      | Killed a black bear
  3166 | D:4      | Reached XP level 7. HP: 39/39 MP: 12/12
  3344 | D:4      | Noticed Natasha
  3349 | D:4      | Killed Natasha
  3350 | D:4      | Reached skill level 6 in Stealth
  3376 | D:4      | Found the +8 demon trident "Rift" {distort, reach+}
  3491 | D:4      | Found a transporter.
  3900 | D:5      | Entered Level 5 of the Dungeon
  4215 | D:5      | Reached skill level 1 in Hexes
  4282 | D:5      | Reached XP level 8. HP: 13/44 MP: 1/13
  5109 | D:5      | Reached skill level 7 in Stealth
  5280 | D:5      | Found an opulent altar of Gozag.
  5280 | D:5      | Found a basalt altar of Yredelemnul.
  5285 | D:5      | Became a worshipper of Yredelemnul the Dark
  5287 | D:5      | Found a shadowy altar of Dithmenos.
  5484 | D:5      | Found a glowing golden altar of the Shining One.
  5486 | D:5      | Found a sacrificial altar of Ru.
  5501 | D:5      | Found a hazy altar of Hepliaklqana.
  5679 | D:6      | Reached * piety under Yredelemnul
  5824 | D:6      | Noticed a yak
  5824 | D:6      | Noticed a yak
  5844 | D:6      | Reached skill level 5 in Short Blades
  5926 | D:6      | Noticed a yak
  5927 | D:6      | Noticed a yak
  5928 | D:6      | Noticed a yak
  5971 | D:6      | Killed a yak
  5972 | D:6      | Reached skill level 8 in Stealth
  5972 | D:6      | Reached XP level 9. HP: 38/51 MP: 5/16
  5974 | D:6      | Reached ** piety under Yredelemnul
  5974 | D:6      | Reached skill level 5 in Dodging
  6007 | D:6      | Reached *** piety under Yredelemnul
  6008 | D:6      | Reached skill level 5 in Spellcasting
  6491 | D:6      | Found Uruosk's CLEARANCE SALE!.
  6496 | D:6      | Reached skill level 9 in Stealth
  6501 | D:6      | Bought a scroll of teleportation for 9 gold pieces
  6766 | D:6      | Found an ancient bone altar of Kikubaaqudgha.
  6797 | D:6      | Found a shimmering blue altar of Sif Muna.
  7176 | D:7      | Found a staircase to the Ecumenical Temple.
  7230 | D:7      | Found a flagged portal.
  7258 | Bailey   | Entered a bailey
  7430 | Bailey   | Reached XP level 10. HP: 19/56 MP: 7/18
  7665 | Bailey   | Noticed an orc knight
  7681 | Bailey   | Killed an orc knight
  7691 | Bailey   | Reached skill level 10 in Stealth
  7977 | Bailey   | Noticed an orc knight
  7992 | Bailey   | Killed an orc knight
  8192 | D:7      | Learned a level 4 spell: Summon Lightning Spire
  9278 | Temple   | Entered the Ecumenical Temple
  9624 | D:8      | Found an ornate altar of the Wu Jian Council.
  9720 | D:8      | Reached skill level 1 in Air Magic
 10057 | D:8      | Reached XP level 11. HP: 58/62 MP: 22/22
 10294 | D:8      | Found Cigynt's General Store.
 10299 | D:8      | Bought a scroll of identify for 26 gold pieces
 10299 | D:8      | Bought a scroll of identify for 26 gold pieces
 11061 | D:9      | Reached skill level 1 in Invocations
 11286 | D:9      | Reached skill level 11 in Stealth
 11482 | D:9      | Found an iron altar of Okawaru.
 11788 | D:10     | Entered Level 10 of the Dungeon
 12039 | D:10     | Found a staircase to the Lair.
 12316 | D:10     | Found a staircase to the Orcish Mines.
 12318 | D:10     | Reached **** piety under Yredelemnul
 12496 | D:10     | Reached skill level 12 in Stealth
 12644 | D:10     | Reached ***** piety under Yredelemnul
 12790 | D:10     | Found a burning altar of Makhleb.
 12946 | D:10     | Found a bloodstained altar of Trog.
 12955 | D:10     | Reached ****** piety under Yredelemnul
 13258 | D:11     | Reached skill level 5 in Fighting
 13804 | D:11     | Noticed a cyclops
 13808 | D:11     | Killed a cyclops
 13878 | D:11     | Identified a scroll of acquirement
 13879 | D:11     | Acquired the Codex of Forceful Shifting
 13971 | D:11     | Reached XP level 12. HP: 68/68 MP: 24/24
 14121 | D:11     | Noticed a two-headed ogre
 14130 | D:11     | Killed a two-headed ogre
 14356 | D:11     | Noticed a deep elf knight
 14391 | D:12     | Noticed a boulder beetle
 14395 | D:12     | Killed a boulder beetle
 14822 | D:12     | Reached skill level 13 in Stealth
 15040 | D:12     | Identified the +2 robe "Fahask" {Will+ Regen+ Str-5}
 15071 | D:12     | Found a runed translucent gate.
 15071 | D:12     | Found a runed translucent gate.
 15071 | D:12     | Found a runed translucent gate.
 15074 | D:12     | Found an opulent altar of Gozag.
 15075 | D:12     | Noticed a fire giant
 15099 | D:12     | Noticed Lodul
 15107 | D:12     | Killed Lodul
 15430 | D:12     | Noticed Azrael
 15480 | D:12     | Killed from afar by Azrael

Illustrated notes

Levels and vault maps discovered:
D:1:      dpeg_arrival_tiny_f, layout_rooms, glass_columns_b, minmay_hexomino_u4
D:2:      layout_rooms, dreamdust_ecumenical_altar_angels_and_demons,
          basic_altar
D:3:      layout_loops_cross, uniq_jessica
D:4:      layout_loops_ring, gammafunk_ghost_abyssal_escape, uniq_natasha,
          uniq_duvessa, uniq_blork_the_orc
D:5:      corexii_shack_village, layout_basic, minmay_overflow_temple_hex,
          grunt_ministairs_12
D:6:      layout_loops_ring, lemuel_zombie_altar_kikubaaqudgha,
          marbit_many_paths, nicolae_shop_clearance
D:7:      layout_layer_cave, minmay_temple_entry_drinking_statues,
          enter_bailey_7
D:8:      layout_gridville, mainiacjoe_overflow_six_doors_small, serial_shops,
          shop
D:9:      layout_basic, lemuel_tele_altar
D:10:     layout_irregular_city, lemuel_round_altar, old_standard_altar,
          david_lair_shrubbed, erik_orc_4
D:11:     gammafunk_indiana_jones, layout_gridville, wad_dig_loot
D:12:     layout_layer_cave, ebering_ghost_gozag, yredelemnul_altar_generic,
          uniq_lodul, uniq_azrael
Temple:   dpeg_chambers_temple

Skill      XL: |  1  2  3  4  5  6  7  8  9 10 11 12 |
---------------+-------------------------------------+-----
Stealth        | 3 4 5 6 8 9 10 12 13 | 13.9
Fighting       | 1 2 3 4 5 |  5.8
Short Blades   | 2 3 5 6 8 9 |  9.3
Dodging        | 3 4 5 6 7 8 |  8.1
Spellcasting   | 3 4 5 7 8 9 |  9.7
Summonings     | 5 6 8 9 |  9.6
Hexes          | 1 2 3 |  3.8
Air Magic      | 1 2 |  2.1
Invocations    | 1 |  1.0

Action                   |  1- 3 |  4- 6 |  7- 9 | 10-12 || total
-------------------------+-------+-------+-------+-------++-------
Melee: Unarmed           |    22 |       |       |       ||    22
       Punch             |     1 |       |     3 |     5 ||     9
       Short sword       |    40 |       |       |   215 ||   255
       Dagger            |     9 |    65 |   245 |   224 ||   543
 Cast: Summon Small Mamm |     6 |       |       |       ||     6
       Call Imp          |     2 |     3 |    11 |    14 ||    30
       Call Canine Famil |     1 |     5 |    18 |    34 ||    58
       Summon Guardian G |       |       |    15 |     8 ||    23
       Summon Lightning  |       |       |       |    11 ||    11
Invok: Recall Undead Har |       |       |       |     2 ||     2
  Use: Scroll            |       |     3 |     6 |     9 ||    18
       Potion            |       |       |     1 |     8 ||     9
 Stab: Sleeping          |     8 |     5 |    25 |    33 ||    71
       Distracted        |     1 |       |     3 |     9 ||    13
Armor: Robe              |    20 |    10 |    30 |    39 ||    99
Dodge: Dodged            |    58 |    49 |   245 |   294 ||   646

Table legend: (Time is in decaauts)
 A = Elapsed time spent in this place.
 B = Non-inter-level travel time spent in this place.
 C = Inter-level travel time spent in this place.
 D = Time resting spent in this place.
 E = Time spent auto-exploring this place.
 F = Levels seen in this place.
 G = Mean time per level.
                   A        B        C        D        E       F      G
               +--------+--------+--------+--------+--------+-----+--------+
         Total |  15246 |  14362 |    884 |   4460 |   6195 |  14 | 1089.0 |
       Dungeon |  14112 |  13257 |    855 |   3940 |   5924 |  12 | 1176.0 |
        Temple |    311 |    282 |     29 |      0 |    271 |   1 |  311.0 |
        Bailey |    821 |    821 |      0 |    520 |      0 |   1 |  821.0 |
               +--------+--------+--------+--------+--------+-----+--------+

Top non-repeatable levels by time:
     D:5: 1672 daAuts
     D:3: 1585 daAuts
     D:6: 1461 daAuts
    D:10: 1389 daAuts
     D:7: 1374 daAuts
     D:8: 1178 daAuts
    D:11: 1150 daAuts
    D:12: 1075 daAuts
     D:1: 974 daAuts
     D:9: 922 daAuts
  Bailey: 821 daAuts
     D:4: 790 daAuts
     D:2: 537 daAuts
  Temple: 311 daAuts
